AoeStats
← TheButcher

Arena

506890493Analyzed
4v4 RM · 17d ago on Sep 15, 2026· 71m 12s· 8 players
Game mode
Random Map
Map size
Large (8 player)
Population
200
Speed
Normal
Resources
Standard
Victory
Conquest
Starting age
Dark Age
Ending age
Imperial Age
RankedLock teamsTeams togetherTeam positionsShared explorationLock speedFull tech treeHidden civsTurbo modeCheats
Victory
Defeat
🇹🇷 Bohemians · Türkiye
731
+12
🇦🇷 Spanish · Argentina
640
+16
🇺🇸 Byzantines · United States
512
+21
🇬🇧 Britons · United Kingdom
490
+22
🇨🇳 Cumans · China
751
-22
🇧🇬 Persians · Bulgaria
615
-17
🇧🇩 Poles · Bangladesh
610
-17
🇹🇷 Slavs · Türkiye
575
-15
TheButcher
13:47 Feudal Age
21:45 Castle Age
19:47 Horse Collar
20:42 Double-Bit Axe
20:50 Gold Mining
23:54 Stone Mining
26:04 Wheelbarrow
25:16 Loom
25:18 Town Watch
26:11 Heavy Plow
27:00 Bow Saw
29:18 Hand Cart
39:49 Imperial Age
41:47 Crop Rotation
42:20 Two-Man Saw
42:01 Stone Shaft Mining
43:18 Caravan
53:16 Elite War Elephant
btaskin076
1:04 Loom
13:00 Feudal Age
20:46 Castle Age
30:09 Detinets
31:21 Horse Collar
33:18 Heavy Plow
33:07 Crossbowman
36:45 Wheelbarrow
42:17 Imperial Age
39:51 Gold Mining
40:52 Pikeman
41:47 Stone Mining
43:25 Hand Cart
46:30 Scale Mail Armor
48:52 Squires
50:01 Conscription
50:01 Masonry
50:02 Fortified Wall
50:20 Double-Bit Axe
51:10 Halberdier
56:18 Chain Mail Armor
56:14 Forging
57:05 Ballistics
58:30 Plate Mail Armor
58:36 Iron Casting
58:50 Druzhina
bellyburn
1:08 Loom
10:40 Feudal Age
圣洁珠光护手
10:49 Feudal Age
11:16 Double-Bit Axe
14:29 Horse Collar
19:02 Stone Mining
19:08 Gold Mining
20:01 Wheelbarrow
20:15 Bloodlines
24:47 Castle Age
23:32 Scale Barding Armor
23:38 Forging
26:48 Iron Casting
26:34 Chain Barding Armor
25:37 Capped Ram
26:37 Hand Cart
26:11 Loom
26:12 Town Watch
26:31 Heavy Plow
26:43 Bow Saw
27:13 Gold Shaft Mining
36:07 Imperial Age
33:40 Town Patrol
38:54 Steppe Husbandry
39:15 Conscription
40:07 Chemistry
39:28 Ballistics
39:04 Murder Holes
39:20 Masonry
38:43 Siege Ram
41:01 Hoardings
42:25 Blast Furnace
42:01 Plate Barding Armor
41:16 Fletching
44:19 Caravan
44:06 Elite Kipchak
44:50 Bodkin Arrow
44:55 Padded Archer Armor
44:40 Pikeman
45:21 Squires
45:06 Arson
45:54 Devotion
45:29 Elite Steppe Lancer
47:39 Thumb Ring
48:05 Parthian Tactics
51:45 Leather Archer Armor
Ziggyman321
5:51 Loom
10:34 Feudal Age
13:08 Wheelbarrow
12:26 Horse Collar
12:39 Double-Bit Axe
15:54 Castle Age
16:45 Bow Saw
19:07 Heavy Plow
20:45 Loom
22:09 Caravan
26:29 Pikeman
27:12 Squires
30:41 Hand Cart
33:41 Fervor
36:24 Imperial Age
33:52 Fletching
34:03 Padded Archer Armor
34:03 Scale Mail Armor
34:14 Forging
34:09 Scale Barding Armor
34:40 Sanctity
36:13 Ballistics
35:35 Treadmill Crane
36:06 Fortified Wall
36:08 Masonry
36:35 Yeomen
36:47 Leather Archer Armor
36:27 Bodkin Arrow
36:49 Chain Mail Armor
37:19 Guilds
37:30 Elite Longbowman
38:32 Conscription
38:54 Iron Casting
38:03 Halberdier
42:07 Chemistry
41:39 Architecture
41:19 Siege Engineers
42:26 Two-Man Saw
44:59 Warwolf
48:04 Bracer
48:34 Ring Archer Armor
48:35 Plate Mail Armor
49:05 Blast Furnace
48:26 Chain Barding Armor
48:01 Heated Shot
48:04 Arrowslits
48:12 Guard Tower
52:04 Hoardings
60:53 Coinage
66:19 Spies/Treason
Cy3747
8:38 Feudal Age
12:50 Wheelbarrow
15:27 Horse Collar
18:16 Double-Bit Axe
24:01 Castle Age
23:10 Scale Mail Armor
23:20 Forging
24:49 Heavy Plow
26:44 Stone Mining
27:57 Hand Cart
31:05 Bow Saw
31:33 Squires
31:19 Gambesons
32:19 Loom
35:45 Chain Mail Armor
36:05 Iron Casting
35:33 Pikeman
38:56 Imperial Age
37:53 Scale Barding Armor
38:02 Gold Mining
40:22 Stone Shaft Mining
39:37 Halberdier
41:22 Plate Mail Armor
41:24 Conscription
42:24 Crop Rotation
43:48 Two-Man Saw
44:38 Gold Shaft Mining
49:34 Ballistics
49:25 Fortified Wall
50:16 Chemistry
celalper.94
0:41 Loom
12:14 Feudal Age
14:42 Double-Bit Axe
17:47 Wheelbarrow
17:01 Town Watch
19:46 Castle Age
17:34 Town Watch
17:54 Horse Collar
23:25 Bow Saw
24:57 Hand Cart
27:01 Town Patrol
27:10 Caravan
27:40 Coinage
29:31 Heavy Plow
38:13 Imperial Age
36:09 Wagenburg Tactics
40:33 Chemistry
39:45 Masonry
39:57 Ballistics
39:19 Treadmill Crane
39:54 Elite Hussite Wagon
41:03 Conscription
40:40 Heavy Scorpion
40:42 Houfnice
42:29 Banking
42:10 Guilds
47:31 Bombard Tower
47:42 Architecture
50:47 Sappers
51:23 Hussite Reforms
57:53 Hussite Reforms
57:19 Sappers
62:26 Two-Man Saw
64:31 Hussite Reforms
63:58 Sappers
Milo
11:24 Feudal Age
11:47 Horse Collar
11:57 Double-Bit Axe
14:49 Loom
15:39 Wheelbarrow
14:53 Loom
16:22 Town Watch
21:55 Castle Age
23:57 Gold Mining
25:34 Heavy Plow
27:07 Forging
30:24 Caravan
33:41 Hand Cart
45:12 Bow Saw
45:38 Stone Mining
48:31 Pikeman
54:53 Bloodlines
58:02 Iron Casting
57:34 Scale Barding Armor
57:31 Scale Mail Armor
59:16 Fletching
59:27 Padded Archer Armor
62:33 Chain Barding Armor
62:36 Bodkin Arrow
66:43 Imperial Age
67:24 Husbandry
68:40 Conscription
68:57 Cavalier
72:07 Blast Furnace
71:07 Bracer
Connection lost

Rejoining the realm…

Still unreachable

The connection could not be restored.

Session expired

The server has moved on; the page needs a fresh start.